 Dungeon Crawl Stone Soup version 0.30-a0-465-g8901f6c8b5 (webtiles) character file.

Game seed: 5077630163331963425

256 NinjaNoafa the Sneak (level 6, -1/44 HPs)
             Began as a Human Artificer on Dec 17, 2022.
             Was a Follower of Okawaru.
             Killed from afar by Natasha (13 damage)
             ... with a puff of flame
             ... on level 4 of the Dungeon on Dec 18, 2022.
             The game lasted 00:15:34 (3456 turns).

NinjaNoafa the Sneak (Human Artificer)              Turns: 3456, Time: 00:15:34

Health: -1/44      AC:  5    Str: 13    XL:     6   Next: 38%
Magic:  6/6        EV: 10    Int: 11    God:    Okawaru [*.....]
Gold:   170        SH:  0    Dex: 15    Spells: 5/5 levels left

rFire   . . .      SeeInvis .    h - +0 short sword (venom)
rCold   . . .      Faith    +    (no shield)
rNeg    . . .      Spirit   .    j - +0 ring mail
rPois   .          Reflect  .    (no helmet)
rElec   .          Harm     .    (no cloak)
rCorr   .          Rampage  .    (no gloves)
Will    .....                    (no boots)
Stlth   ++........               g - amulet of faith
HPRegen 0.27/turn                (no ring)
MPRegen 0.10/turn                (no ring)

@: slowed, invisible, very slow
A: no striking features
a: Renounce Religion, Heroism


You were on level 4 of the Dungeon.
You worshipped Okawaru.
Okawaru was aware of your devotion.
You visited 1 branch of the dungeon, and saw 4 of its levels.

You collected 170 gold pieces.

Inventory:

Hand Weapons
 h - a +0 short sword of venom (weapon)
Missiles
 i - 45 stones
 k - 2 atropa-tipped darts
Armour
 j - a +0 ring mail (worn)
Jewellery
 g - an amulet of faith (around neck)
Wands
 c - a wand of flame (13) (quivered)
 e - a wand of iceblast (5)
Scrolls
 f - a scroll of torment {unknown}
 m - 2 scrolls of noise {unknown}
 p - 2 scrolls of brand weapon {unknown}
 r - a scroll of magic mapping {unknown}
 s - 7 scrolls of identify {unknown}
 t - a scroll of fear {unknown}
 u - a scroll of teleportation {unknown}
 x - a scroll of enchant armour {unknown}
 y - a scroll of fog {unknown}
Potions
 b - 2 potions of attraction
 d - a potion of magic {unknown}
 l - a potion of heal wounds {unknown}
 n - a potion of lignification {unknown}
 o - 2 potions of ambrosia {unknown}
 q - a potion of invisibility
 w - a potion of mutation {unknown}


   Skills:
 - Level 2.0 Fighting
 - Level 2.7 Armour
 - Level 1.5 Dodging
 + Level 5.6 Stealth
 - Level 3.0 Evocations


You had 5 spell levels left.
You didn't know any spells.
Your spell library contained the following spells:

 Spells                   Type           Power      Damage    Failure   Level
 Summon Forest            Summ/Tloc      Unusable   N/A       N/A         5
 Summon Mana Viper        Hex/Summ       Unusable   N/A       N/A         5
 Summon Cactus Giant      Summ           Unusable   N/A       N/A         6

Dungeon Overview and Level Annotations

Branches:
Dungeon (4/15)
 Temple: D:4-7

Altars:
Okawaru
Uskayaw

Shops:
D:3 (

Annotations:
D:4 2 runed translucent doors, Natasha


Message History

Natasha, Servant of Life and Death comes into view.
She is carrying a wand of flame (18).
You throw a poisoned dart.
The poisoned dart closely misses Natasha.
Natasha hisses angrily.
Natasha mumbles some strange words.
You throw a poisoned dart. The poisoned dart misses Natasha.
Natasha mumbles some strange words.
You throw a poisoned dart.
The poisoned dart barely misses the shadow imp.
The poisoned dart hits Natasha.
There is an open door here.
Natasha zaps a wand.
The puff of flame hits you!
The iron imp lashes its tail.
The shadow imp hits you.
Natasha zaps a wand.
The puff of flame hits you! The shadow imp hits you.
You miss Natasha. Natasha claws you but does no damage.
The shadow imp hits you but does no damage.
You hit Natasha.
Natasha is moderately wounded.
The iron imp hits you but does no damage.
Natasha claws you. The shadow imp closely misses you.
You closely miss Natasha.
Natasha is moderately wounded.
Natasha barely misses you. The iron imp hits you!
* * * LOW HITPOINT WARNING * * *
The shadow imp barely misses you. The shadow imp barely misses you.
Natasha claws you.
* * * LOW HITPOINT WARNING * * *
There is an open door here.
You feel better.
Natasha stares at you and mumbles some strange words.
You feel yourself slow down. The iron imp attacks as you move away!
The iron imp hits you!
* * * LOW HITPOINT WARNING * * *
It was a potion of invisibility.
You fade into invisibility!
Natasha casts a spell.
Natasha zaps a wand.
The puff of flame hits you!
You die...

##.# #.# ##.......##
##.#####.###......(..#
...........'......(..+
#####...####.........# #
##.## ##.......# #.#
##.5...## #.# ##55.## #.#
####h##### #.# #...@....#
#.# #.##.###.# #.#
#.##.###.######. #.#
#.#.............
#####.######......#.#######
#............#...##.#
#.###.###...........# #.#
#............##.# #.#
#####.####......#


You could see an iron imp (summoned, unable to see you), Natasha, a white imp
(summoned, wandering, unable to see you) and a shadow imp (summoned, unable to
see you).

Vanquished Creatures
  A scorpion (D:4)
  A howler monkey (D:4)
  Natasha (D:4)
  A gnoll (D:4)
  5 adders
  4 worms
  3 dart slugs
  An orc (D:3)
  7 ball pythons
  2 endoplasms
  4 giant cockroaches
  7 hobgoblins
  3 quokkas
  8 bats
  2 frilled lizards
  8 goblins
  2 kobolds
  9 rats
69 creatures vanquished.

Notes
Turn   | Place    | Note
-------+----------+-------------------------------------------
     0 | D:1      | NinjaNoafa the Human Artificer began the quest for the Orb.
     0 | D:1      | Reached XP level 1. HP: 15/15 MP: 1/1
   148 | D:1      | Reached XP level 2. HP: 11/21 MP: 2/2
   678 | D:1      | Reached XP level 3. HP: 22/27 MP: 3/3
  1041 | D:2      | Found an iron altar of Okawaru.
  1064 | D:2      | Reached skill level 2 in Stealth
  1421 | D:3      | Reached XP level 4. HP: 33/33 MP: 4/4
  1777 | D:3      | Reached skill level 3 in Stealth
  2008 | D:3      | Reached XP level 5. HP: 36/38 MP: 5/5
  2068 | D:3      | Found Tuech's Antique Weapon Emporium.
  2441 | D:2      | Became a worshipper of Warmaster Okawaru
  2462 | D:4      | Found a hide-covered altar of Uskayaw.
  2582 | D:4      | Found a large runed translucent door.
  2592 | D:4      | Found a large runed translucent door.
  2635 | D:4      | Reached skill level 4 in Stealth
  3204 | D:4      | Noticed Natasha
  3213 | D:4      | Killed Natasha
  3214 | D:4      | Reached XP level 6. HP: 38/44 MP: 6/6
  3261 | D:4      | Reached * piety under Okawaru
  3262 | D:4      | Reached skill level 5 in Stealth
  3442 | D:4      | Noticed Natasha
  3456 | D:4      | Killed from afar by Natasha

Illustrated notes

Levels and vault maps discovered:
D:1:      dpeg_arrival_shelter, layout_basic
D:2:      layout_rooms, basic_altar
D:3:      layout_basic, serial_shops, shop_statue
D:4:      layout_loops_corners, mainiacjoe_overflow_paths,
          jmf_multi_god_temple2, uniq_natasha

Skill      XL: |  1  2  3  4  5  6 |
---------------+-------------------+-----
Stealth        | 2 3 4 5 |  5.6
Fighting       | 2 |  2.0
Armour         | |  2.7
Dodging        | |  1.5
Evocations     | |  3.0

Action                   |  1- 3 |  4- 6 || total
-------------------------+-------+-------++-------
Melee: Dagger            |    20 |       ||    20
       Club              |    11 |       ||    11
       Short sword       |    85 |   119 ||   204
       Punch             |       |     1 ||     1
Throw: Dart              |       |     3 ||     3
Evoke: Wand              |     2 |       ||     2
  Use: Potion            |       |     4 ||     4
 Stab: Sleeping          |     1 |     4 ||     5
       Distracted        |       |     1 ||     1
Armor: Leather armour    |    22 |       ||    22
       Ring mail         |    23 |    56 ||    79
Dodge: Dodged            |    79 |    64 ||   143

Table legend: (Time is in decaauts)
 A = Elapsed time spent in this place.
 B = Non-inter-level travel time spent in this place.
 C = Inter-level travel time spent in this place.
 D = Time resting spent in this place.
 E = Time spent auto-exploring this place.
 F = Levels seen in this place.
 G = Mean time per level.
                   A        B        C        D        E       F      G
               +--------+--------+--------+--------+--------+-----+--------+
         Total |   3459 |   3294 |    165 |      0 |   2559 |   4 |  864.8 |
       Dungeon |   3459 |   3294 |    165 |      0 |   2559 |   4 |  864.8 |
               +--------+--------+--------+--------+--------+-----+--------+

Top non-repeatable levels by time:
     D:3: 1119 daAuts
     D:4: 922 daAuts
     D:1: 858 daAuts
     D:2: 559 daAuts
